 Dungeon Crawl Stone Soup version 0.24-a0-218-ga595e75 (console) character file.

Game seed: 16457015501674864803

238 bli the Magician (level 6, -1/37 HPs)
             Began as an Octopode Wizard on Mar 30, 2019.
             Slain by an orc (5 damage)
             ... on level 3 of the Dungeon.
             The game lasted 00:14:00 (4759 turns).

bli the Magician (Octopode Wizard)                  Turns: 4759, Time: 00:14:01

Health: -1/37      AC:  1    Str:  6    XL:     6   Next: 7%
Magic:  8/12       EV: 13    Int: 20    God:
Gold:   241        SH:  0    Dex: 13    Spells: 7/13 levels left

rFire    . . .     SeeInvis .   a - +1 short sword (venom)
rCold    . . .     Gourm    .   (no shield)
rNeg     . . .     Faith    .   g - +0 hat
rPois    .         Spirit   .   (no amulet)
rElec    .         Reflect  .   (no ring)
rCorr    .         Harm     .   (no ring)
MR       .....                  (no ring)
Stlth    +++.......             (no ring)
HPRegen  0.12/turn              (no ring)
MPRegen  0.13/turn              (no ring)
                                (no ring)
                                (no ring)

@: no status effects
A: almost no armour, stealthy swim, amphibious, 8 rings, constrict 8, camouflage
1, gelatinous body 1
a: no special abilities


You were on level 3 of the Dungeon.
You were not hungry.

You visited 1 branch of the dungeon, and saw 4 of its levels.

You collected 241 gold pieces.

Inventory:

Hand Weapons
 a - a +1 short sword of venom (weapon)
 i - a +0 dagger
 n - a +0 hunting sling
 p - a +1 halberd of venom
Missiles
 b - 123 stones (quivered)
 o - 30 sling bullets
 t - a throwing net
 u - 40 arrows
Armour
 g - a +0 hat (worn)
Wands
 v - a wand of clouds (6)
Scrolls
 e - a scroll of teleportation {unknown}
 f - 8 scrolls of identify {unknown}
 h - 2 scrolls of remove curse {unknown}
 k - 5 scrolls of fear {unknown}
 m - 2 scrolls of noise {unknown}
 s - a scroll of blinking {unknown}
 w - a scroll of enchant armour {unknown}
 x - a scroll of enchant weapon {unknown}
Potions
 d - a potion of haste {unknown}
 j - 3 potions of mutation {unknown}
 l - a potion of brilliance {unknown}
 q - 3 potions of curing {unknown}
 r - a potion of heal wounds {unknown}
Comestibles
 c - 8 rations
 z - 5 chunks of flesh


   Skills:
 + Level 0.5 Fighting
 + Level 1.5 Short Blades
 - Level 2.0 Dodging
 - Level 2.6 Stealth
 + Level 4.3 Spellcasting
 + Level 3.6 Conjurations
   Level 1.0 Summonings
 * Level 1.0 Translocations
 + Level 2.0 Poison Magic


You had 7 spell levels left.
You knew the following spells:

 Your Spells              Type           Power        Failure   Level  Hunger
a - Magic Dart            Conj           ###.         2%          1    None
c - Mephitic Cloud        Conj/Pois/Air  ##......     17%         3    ###....
B - Blink                 Tloc           N/A          12%         2    #......

Your spell library contained the following spells:

 Spells                   Type           Power        Failure   Level  Hunger
 Call Imp                 Summ           #.......     12%         2    #......
 Slow                     Hex            #.......     19%         2    #......
 Conjure Flame            Conj/Fire      ##......     19%         3    ###....


Dungeon Overview and Level Annotations

Branches:
Dungeon (4/15)
 Temple: D:4-7

Altars:
Fedhas
Kikubaaqudgha
Nemelex Xobeh


Innate Abilities, Weirdness & Mutations

You cannot wear most types of armour.
You are very stealthy in the water. (Stealth+)
You are amphibious.
You can wear up to eight rings at the same time.
You can use your tentacles to constrict eight enemies at once.
Your skin changes colour to match your surroundings (Stealth+).
Your rubbery body absorbs attacks. (AC +1, EV +1)


Message History

Aim: a phantom (moderately damaged)
The magic dart hits the phantom.
The phantom is moderately damaged.
The phantom hits you but does no damage.
Casting: Magic Dart (safe; 2% risk of failure)
Confirm with . or Enter, or press ? or * to list all spells.
Aiming: Magic Dart (safe; 2% risk of failure)
Press: ? - help, Shift-Dir - straight line, f/p - phantom
Aim: a phantom (moderately damaged)
The magic dart hits the phantom.
The phantom is heavily damaged.
The phantom hits you.
* * * LOW HITPOINT WARNING * * *
The phantom blinks!
Throwing (i - inventory. (/) - cycle)
b - 124 stones (quivered)
Press: ? - help, Shift-Dir - straight line, f/p - phantom
Aim: a phantom (moderately damaged)
You throw a stone. The stone closely misses the orc.
The stone closely misses the phantom.
You barely miss the orc. Your grab misses the orc. The orc hits you.
You die...

#.#######.#
#.........#
#.#######.# #.#
#.# #.# #.# #.#
#.# #.# #.# #.#
#.# ##.# #.#
...#######.#######
...........W...o@#
##.#######(#######
#.# #.# #.## #.#
#..# #.# #..# #.#
#..## #.# #...#
#.# #.#.# #.#
#.#.# #.# ##.#.#
#.#


You could see a phantom and an orc.

Vanquished Creatures
  A jelly (D:3)
  Ijyb (D:3)
  4 adders
  2 oozes
  5 worms
  8 dart slugs
  7 leopard geckos
  4 orcs (D:3)
  9 bats
  4 giant cockroaches
  16 goblins
  4 hobgoblins
  5 jackals (D:2)
  3 quokkas
  6 frilled lizards
  9 kobolds
  5 rats
93 creatures vanquished.

Notes
Turn   | Place    | Note
-------+----------+-------------------------------------------
     0 | D:1      | bli the Octopode Wizard began the quest for the Orb.
     0 | D:1      | Reached XP level 1. HP: 11/11 MP: 4/4
   331 | D:1      | Reached XP level 2. HP: 17/17 MP: 1/6
   740 | D:1      | Found a sparkling altar of Nemelex Xobeh.
  1137 | D:1      | Reached XP level 3. HP: 13/21 MP: 6/8
  1352 | D:1      | Learned a level 3 spell: Mephitic Cloud
  1589 | D:2      | Reached skill level 4 in Spellcasting
  1660 | D:2      | Learned a level 2 spell: Blink
  1765 | D:2      | Reached XP level 4. HP: 23/27 MP: 5/10
  3009 | D:3      | Found an ancient bone altar of Kikubaaqudgha.
  3039 | D:3      | Reached XP level 5. HP: 32/32 MP: 2/11
  3144 | D:3      | Noticed Ijyb
  3153 | D:3      | Killed Ijyb
  3153 | D:3      | Reached skill level 1 in Poison Magic
  3557 | D:3      | Reached skill level 1 in Short Blades
  4161 | D:3      | Found a blossoming altar of Fedhas.
  4423 | D:4      | Noticed an ogre
  4509 | D:3      | Reached XP level 6. HP: 15/37 MP: 6/12
  4687 | D:4      | Noticed a phantom
  4759 | D:3      | Slain by an orc

Levels and vault maps discovered:
D:1:      eino_arrival_water_star, layout_loops_ring,
          nemelex_diamond_rough_becter
D:2:      layout_basic, minmay_hexomino_c4
D:3:      layout_basic, fedhas_altar_fruit_tree, nicolae_overflow_crystal_walls,
          first_ration, minmay_crystal_water, uniq_ijyb
D:4:      kennysheep_slugbush, layout_rooms, kennysheep_mini,
          minmay_misc_feat_doors, uniq_robin

Skill      XL: |  1  2  3  4  5  6 |
---------------+-------------------+-----
Spellcasting   | 4 |  4.3
Conjurations   | 2 3 |  3.6
Poison Magic   | 1 2 |  2.0
Short Blades   | 1 |  1.5
Fighting       | |  0.5
Dodging        | |  2.0
Stealth        | |  2.6
Summonings     | |  1.0
Translocations | |  1.0

Action                   |  1- 3 |  4- 6 || total
-------------------------+-------+-------++-------
Melee: Unarmed           |     4 |       ||     4
       Constrict         |     6 |    19 ||    25
       Tentacles         |     4 |     9 ||    13
       Short sword       |    18 |    76 ||    94
       Dagger            |     8 |       ||     8
Throw: Stone             |       |    13 ||    13
 Cast: Magic Dart        |    61 |   135 ||   196
       Mephitic Cloud    |       |     1 ||     1
 Stab: Sleeping          |     3 |     3 ||     6
  Eat: Chunk             |     2 |    10 ||    12
Armor: Skin              |     2 |     4 ||     6
Dodge: Dodged            |    19 |    75 ||    94

Table legend:
 A = Non-vault XP
 B = Vault XP
 C = Vault XP percentage of total XP
 D = Non-vault monster count
 E = Vault monster count
 F = Vault count percentage of total count
                 A         B        C        D         E       F
            +---------+---------+-------+---------+---------+-------
      Total |     250 |      90 |  26.5 |      76 |      17 |  18.3
            +---------+---------+-------+---------+---------+-------
        D:1 |      44 |       0 |   0.0 |      23 |       0 |   0.0
        D:2 |      79 |      28 |  26.2 |      26 |       7 |  21.2
        D:3 |     110 |      54 |  32.9 |      24 |       8 |  25.0
        D:4 |      17 |       8 |  32.0 |       3 |       2 |  40.0
            +---------+---------+-------+---------+---------+-------
